 Dungeon Crawl Stone Soup version 0.31.0-11-ge490571c62 (webtiles) character file.

Game seed: 12892377312611464311

18 Gadfly the Ducker (level 2, 0/24 HPs)
             Began as a Merfolk Monk on Jan 29, 2024.
             Slain by a hobgoblin (4 damage)
             ... on level 1 of the Dungeon.
             The game lasted 00:00:28 (350 turns).

Gadfly the Ducker (Merfolk Monk)                     Turns: 350, Time: 00:00:29

Health: 0/24       AC:  2    Str: 11    XL:     2   Next: 70%
Magic:  2/2        EV: 14    Int:  9    God:
Gold:   14         SH:  0    Dex: 16    Spells: 1/1 levels left

rFire   . .          .
                       - Unarmed
rCold   . . .        c - orb {light}
rNeg    . . .        a - +0 robe
rPois   .            (no helmet)
rElec   .            (no cloak)
rCorr   .            (no gloves)
SInv    .            (no boots)
Will    .....        (no amulet)
Stlth   +            (no ring)
HPRegen 0.24/turn    (no ring)
MPRegen 0.08/turn

%: no passive effects
@: glowing
A: (nimble swimmer 2), mertail
a: no special abilities


You were on level 1 of the Dungeon.
You visited 1 branch of the dungeon, and saw 1 of its levels.

You collected 14 gold pieces.

Inventory:

Armour
 a - a +0 robe (worn)
 c - an orb of light (worn)
Scrolls
 d - a scroll of identify
 e - 2 scrolls of amnesia {unknown}
Potions
 b - a potion of ambrosia


   Skills:
 + Level 3.4 Fighting
 + Level 4.2 Dodging
 * Level 3.5 Unarmed Combat
 * Level 1.0 Evocations
 * Level 1.1 Shapeshifting


You had one spell level left.
You didn't know any spells.
Your spell library was empty.

Dungeon Overview and Level Annotations

Branches:
Dungeon (1/15)

Altars:


Innate Abilities, Weirdness & Mutations

((You are very nimble when in or above water. (Stealth+, EV+, Speed+++)))
Your lower body shifts to a powerful aquatic tail in water.


Message History

You are too injured to fight recklessly!
You are too injured to fight recklessly!
You are too injured to fight recklessly!
You are too injured to fight recklessly!
You are too injured to fight recklessly!
You are too injured to fight recklessly!
You are too injured to fight recklessly!
Unknown command.
The giant cockroach misses you.
The hobgoblin attacks as it pursues you!
The hobgoblin hits you.
The giant cockroach bites you but does no damage.
You hit the giant cockroach.
The giant cockroach is heavily wounded.
The dart slug briefly extends its eye-stalks.
The giant cockroach bites you.
* * * LOW HITPOINT WARNING * * *
You barely miss the giant cockroach.
The giant cockroach is heavily wounded.
The giant cockroach closely misses you.
You barely miss the giant cockroach.
The giant cockroach is heavily wounded.
The giant cockroach closely misses you.
You hit the giant cockroach.
You kill the giant cockroach!
The bat hits you.
* * * LOW HITPOINT WARNING * * *
You hit the bat.
The bat is severely wounded.
The bat hits you but does no damage. The bat completely misses you.
You hit the bat.
You kill the bat!
You barely miss the hobgoblin. The hobgoblin hits you.
* * * LOW HITPOINT WARNING * * *
You hit the hobgoblin but do no damage. The hobgoblin hits you.
* * * LOW HITPOINT WARNING * * *
You hit the hobgoblin.
The hobgoblin is severely wounded.
The hobgoblin hits you.
You die...

....#<#. .........
≈≈~#.#.# .8..8..8.
##~.#.#. ........#
≈##≈~.~~.~~ ........#
~#≈≈≈.≈#≈.~# .8..8...#
##≈≈~.~~#~.~# ........#
#≈~≈.≈≈#≈~.~≈
.......†######~~.~≈≈#≈#..~
....∩..wg@..##..~≈≈#≈~...≈
.......)###.##..~~#~~..#..
........††...††..#........
.......∩###.##!#.##.......
##...#..# #.##.#>##.#.....
#♣.♣#♣.♣ ..##............
#. ..#######..####...## ♣
♣.♣ #..####..... ..#
#....##.#.##


You could see a dart slug and a hobgoblin.

Vanquished Creatures
  A dart slug (D:1)
  3 endoplasms (D:1)
  A giant cockroach (D:1)
  A hobgoblin (D:1)
  3 jackals (D:1)
  A ball python (D:1)
  2 bats (D:1)
  2 kobolds (D:1)
  2 rats (D:1)
16 creatures vanquished.

Notes
Turn   | Place    | Note
-------+----------+-------------------------------------------
     0 | D:1      | Gadfly the Merfolk Monk began the quest for the Orb.
     0 | D:1      | Reached XP level 1. HP: 18/18 MP: 1/1
   200 | D:1      | Reached XP level 2. HP: 17/24 MP: 2/2
   258 | D:1      | Reached skill level 1 in Shapeshifting
   336 | D:1      | Reached skill level 1 in Evocations
   350 | D:1      | Slain by a hobgoblin

Illustrated notes

Levels and vault maps discovered:
D:1:      spicycebolla_arrival_xxxplode, layout_loops_cross, serial_forest,
          infiniplex_forest_split, infiniplex_forest_straight_2,
          infiniplex_forest_lined_room_2, infiniplex_forest_clump_tiny,
          infiniplex_forest_clump_curved, infiniplex_forest_straight_5,
          hellmonk_ecumenical_altar_arch_garden

Skill      XL: |  1  2 |
---------------+-------+-----
Shapeshifting  | 1 |  1.1
Evocations     | 1 |  1.0
Fighting       | |  3.4
Dodging        | |  4.2
Unarmed Combat | |  3.5

Action                     || total
---------------------------++-------
  Melee: Unarmed           ||    61
    Use: Scroll            ||     1
 Armour: Robe              ||    33
  Dodge: Dodged            ||    41
